 Dungeon Crawl Stone Soup version 0.22.1-1-ga44c0e56f4 (webtiles) character file.

30 Riddle the Charmwright (level 3, 13/18 HPs)
             Began as a Spriggan Skald on Sept 24, 2018.
             Quit the game on level 1 of the Dungeon.
             The game lasted 00:04:24 (1284 turns).

Riddle the Charmwright (Spriggan Skald)             Turns: 1284, Time: 00:04:25

Health: 13/18      AC:  2    Str:  7    XL:     3   Next: 3%
Magic:  6/8        EV: 19    Int: 15    God:
Gold:   31         SH:  0    Dex: 15    Spells: 1/8 levels left

rFire    . . .     SeeInvis +   a - +0 short sword
rCold    . . .     Gourm    .   (shield restricted)
rNeg     . . .     Faith    .   b - +0 robe
rPois    .         Spirit   .   (helmet restricted)
rElec    .         Reflect  .   (no cloak)
rCorr    .         Harm     .   (gloves unavailable)
MR       .....                  (boots unavailable)
Stlth    ++........             (no amulet)
HPRegen  0.06/turn              (no ring)
MPRegen  0.11/turn              (no ring)

@: very quick
A: very small, unfitting armour, see invisible, herbivore, speed 3, slow
metabolism 2
a: no special abilities


You were on level 1 of the Dungeon.
You were not hungry.

You visited 1 branch of the dungeon, and saw 2 of its levels.

You collected 31 gold pieces.

Inventory:

Hand Weapons
 a - a +0 short sword (weapon)
Armour
 b - a +0 robe (worn)
Scrolls
 c - a scroll of remove curse {unknown}
 f - a scroll of enchant weapon {unknown}
 g - 2 scrolls of immolation {unknown}
 h - 2 scrolls of amnesia {unknown}
 i - a scroll of blinking {unknown}
 k - 2 scrolls of identify {unknown}
Potions
 e - a potion of mutation {unknown}
 j - a potion of brilliance {unknown}
 l - a potion of might {unknown}
 m - a potion of heal wounds {unknown}
 n - a potion of lignification {unknown}
Comestibles
 d - a ration


   Skills:
 - Level 1.5 Fighting
 - Level 2.1 Short Blades
 + Level 3.8 Dodging
 + Level 1.4 Stealth
 * Level 3.4 Spellcasting
 * Level 5.1 Charms


You had one spell level left.
You knew the following spells:

 Your Spells              Type           Power        Failure   Level  Hunger
a - Infusion              Chrm           ###.         2%          1    None
b - Spectral Weapon       Hex/Chrm       ##......     21%         3    ###....
c - Regeneration          Chrm/Necr      ##........   21%         3    ###....

Your spell library contained the following spells:

 Spells                   Type           Power        Failure   Level  Hunger
 Song of Slaying          Chrm           ###.....     3%          2    ##.....
 Shroud of Golubria       Chrm/Tloc      ##........   11%         2    ##.....


Dungeon Overview and Level Annotations

Branches:
Dungeon (2/15)

Altars:


Innate Abilities, Weirdness & Mutations

You are very small and have problems with some larger weapons.
You are too small for most types of armour.
You have supernaturally acute eyesight. (SInv)
You are a herbivore.
You cover ground extremely quickly.
You need to consume almost no food.


Message History

Attack!
The adder closely misses your spectral weapon.
The hobgoblin hits your spectral weapon but does no damage.
The goblin hits your spectral weapon.
Your spectral weapon shares its damage with you!
What are your orders? t - Shout!
Orders for allies: a - Attack new target. p - Attack previous target. r - Retreat! s - Stop attacking. g - Guard the area. f - Follow me.
Anything else - Cancel.
Gang up on whom?
Press: ? - help, Dir - move target cursor, f/p - goblin
Aim: a goblin Attack!
Your spectral weapon fades away.
There is a stone staircase leading up here.
You climb upwards.
There is a stone staircase leading down here.
Are you sure you want to abandon this character and quit the game? (Confirm

###.####.#
#.....##.###
#######.#....#
#.......####.#
#.######.....#
#.#### #.#...#
##...(###.#..###
#####.......†.......
#(.@........###.###.
#............(......
#...............##.#
#............##.##..
#................#..
#...........#.##.#.#
#.......(.....##.#.#
#...........#......#
###...#.....#.####.#


There were no monsters in sight!

Vanquished Creatures
  A dart slug (D:1)
  4 bats
  2 giant cockroaches (D:1)
  4 goblins (D:1)
  A hobgoblin (D:1)
  2 jackals (D:1)
  2 kobolds (D:2)
  12 rats
28 creatures vanquished.

Notes
Turn   | Place    | Note
-------+----------+-------------------------------------------
     0 | D:1      | Riddle the Spriggan Skald began the quest for the Orb.
     0 | D:1      | Reached XP level 1. HP: 10/10 MP: 5/5
   132 | D:1      | Reached XP level 2. HP: 14/14 MP: 7/7
   326 | D:1      | Reached skill level 1 in Stealth
   850 | D:1      | Reached skill level 5 in Charms
  1049 | D:2      | Reached XP level 3. HP: 8/18 MP: 3/8
  1054 | D:2      | Learned a level 3 spell: Spectral Weapon
  1058 | D:2      | Learned a level 3 spell: Regeneration
  1284 | D:1      | Quit the game

Skill      XL: |  1  2 |
---------------+-------+-----
Spellcasting   | 3 |  3.4
Stealth        | 1 |  1.4
Charms         | 5 |  5.1
Fighting       | |  1.5
Short Blades   | |  2.1
Dodging        | |  3.8

Action                   || total
-------------------------++-------
Melee: Short sword       ||    77
 Cast: Infusion          ||     4
       Spectral Weapon   ||     2
 Stab: Sleeping          ||     5
Armor: Robe              ||     8
Dodge: Dodged            ||    77
